 Dungeon Crawl Stone Soup version 0.28.0-53-g5a82cb258f (webtiles) character file.

Game seed: 17750301268340078477

5422 DocClef the Basher (level 10, -6/77 HPs)
             Began as a Palentonga Fighter on June 29, 2022.
             Was a Follower of Hepliaklqana.
             Mangled by an orc warrior
             ... wielding a +0 trident
              (8 damage)
             ... in a bailey.
             The game lasted 00:09:36 (9106 turns).

DocClef the Basher (Palentonga Fighter)             Turns: 9106, Time: 00:09:36

Health: -6/77      AC: 23    Str: 28    XL:     10   Next: 40%
Magic:  0/10       EV: 13    Int:  9    God:    Hepliaklqana [*.....]
Gold:   521        SH:  4    Dex:  9    Spells: 9/9 levels left

rFire   . . .      SeeInvis +   y - +0 morningstar
rCold   + . .      Faith    .   c - +0 buckler
rNeg    . . .      Spirit   +   B - +7 leather armour of the Present {Str+4}
rPois   .          Reflect  .   p - +0 helmet
rElec   .          Harm     .   (no cloak)
rCorr   .          Rampage  .   m - +2 pair of gloves
Will    +....                   (no barding)
Stlth   +.........              C - amulet of guardian spirit
HPRegen 0.22/turn               j - +4 ring of evasion
MPRegen 0.12/turn               M - ring of Darkness {rC+ Will+ SInv}

@: studying Short Blades, curled up
A: reduced essence, large, rugged brown scales 3, see invisible, deformed body,
roll 1, armoured tail, reflexive curl
a: Rolling Charge, Renounce Religion, Recall Ancestor, Ancestor Identity


You were in a bailey.
You worshipped Hepliaklqana.
Hepliaklqana was aware of your devotion.
You visited 2 branches of the dungeon, and saw 10 of its levels.
You also visited: Bailey.

You collected 521 gold pieces.

Inventory:

Hand Weapons
 a - a +0 flail
 y - a +0 morningstar (weapon)
Missiles
 i - 6 javelins
Armour
 c - a +0 buckler (worn)
 m - a +2 pair of gloves (worn)
 o - a +2 scale mail of willpower
 p - a +0 helmet (worn)
 B - the +7 leather armour of the Present (worn) {Str+4}
   (You found it on level 4 of the Dungeon)

   Str:       It affects your strength (+4).
Jewellery
 b - a +6 ring of intelligence
 j - a +4 ring of evasion (left hand)
 s - a +4 ring of protection
 C - an amulet of guardian spirit (around neck)
 L - an amulet of the acrobat
 M - the ring of Darkness (right hand) {rC+ Will+ SInv}
   (You found it on level 7 of the Dungeon)

   [ring of see invisible]

   rC:        It protects you from cold.
   SInv:      It lets you see invisible.
   Will:      It increases your willpower.
Wands
 h - a wand of acid (7)
 x - a wand of charming (14)
 D - a wand of flame (20)
 P - a wand of iceblast (11)
Scrolls
 f - 4 scrolls of teleportation
 k - 4 scrolls of identify
 l - a scroll of magic mapping
 n - a scroll of brand weapon {unknown}
 q - a scroll of fog {unknown}
 t - 2 scrolls of enchant armour {unknown}
 v - 2 scrolls of fear {unknown}
 A - 4 scrolls of vulnerability {unknown}
 E - 2 scrolls of torment {unknown}
 G - 2 scrolls of blinking {unknown}
 H - 3 scrolls of silence {unknown}
 I - 2 scrolls of acquirement {unknown}
 J - a scroll of noise {unknown}
 O - a scroll of enchant weapon {unknown}
Potions
 d - 4 potions of flight
 e - 6 potions of curing {unknown}
 g - 3 potions of brilliance {unknown}
 r - a potion of ambrosia {unknown}
 u - a potion of invisibility {unknown}
 w - 4 potions of attraction {unknown}
 z - 2 potions of lignification {unknown}
 F - 2 potions of mutation {unknown}
 N - a potion of might


   Skills:
 + Level 8.1 Fighting
 + Level 12.8 Maces & Flails
 - Level 3.9 Armour
 - Level 1.3 Dodging
 - Level 0.3 Stealth
 - Level 3.1 Shields


You had 9 spell levels left.
You didn't know any spells.
Your spell library contained the following spells:

 Spells                   Type           Power      Damage    Failure   Level
 Animate Skeleton         Necr           0%         N/A       50%         1
 Apportation              Tloc           0%         N/A       50%         1
 Shock                    Conj/Air       0%         1d3       50%         1
 Sting                    Tmut/Pois      0%         1d3       50%         1
 Summon Small Mammal      Summ           0%         N/A       50%         1
 Poisonous Vapours        Pois/Air       0%         N/A       63%         2
 Static Discharge         Conj/Air       0%         N/A       63%         2
 Confusing Touch          Hex            0%         N/A       86%         3
 Summon Guardian Golem    Hex/Summ       0%         N/A       86%         3
 Swiftness                Air            0%         N/A       86%         3
 Airstrike                Air            0%         N/A       99%         4
 Olgreb's Toxic Radiance  Pois           0%         N/A       99%         4
 Lightning Bolt           Conj/Air       0%         1d11      100%        5
 Yara's Violent Unravell  Hex/Tmut       0%         3d3       100%        5
 Conjure Ball Lightning   Conj/Air       0%         3x3d6     100%        6
 Enfeeble                 Hex            0%         N/A       100%        7
 Orb of Destruction       Conj           0%         9d5       100%        7
 Spellforged Servitor     Conj/Summ      0%         N/A       100%        7
 Discord                  Hex            0%         N/A       100%        8
 Disjunction              Tloc           0%         N/A       100%        8
 Maxwell's Capacitive Co  Air            0%         ∞         100%        8


Dungeon Overview and Level Annotations

Branches:
Dungeon (9/15)             Temple (1/1) D:7            Lair (0/6) D:9
 Bailey (1/1)
    Orc: D:9-12

Altars:
Ashenzari
Cheibriados
Dithmenos
Elyvilon
Fedhas
Gozag
Hepliaklqana
Kikubaaqudgha
Makhleb
Nemelex Xobeh
Okawaru
Qazlal
Ru
Sif Muna
Trog
Uskayaw
Vehumet
Wu Jian
Yredelemnul
Zin
The Shining One

Shops:
D:3 ?::=   D:4 *


Innate Abilities, Weirdness & Mutations

Your life essence is reduced to manifest your ancestor. (-10% HP)
You are completely covered in rugged brown scales. (AC +3, +7% HP)
You have supernaturally acute eyesight. (SInv)
Armour fits poorly on your strangely shaped body.
You can roll at nearby foes to attack.
You have a long armoured tail.
You curl defensively after being hit. (AC +7*)


Message History

The orc warrior hits you from afar with a +0 trident!
Izel hits the orc warrior.
You impale the orc warrior!!
The orc warrior is severely wounded.
The orc warrior barely misses you.
The orc warrior hits you but does no damage.
The orc warrior hits you from afar with a +0 trident!
You are too injured to fight recklessly!
You are too injured to fight recklessly!
You are too injured to fight recklessly!
You barely miss the orc warrior.
Your tail-slap misses the orc warrior.
The orc warrior is severely wounded.
Izel hits the orc warrior.
The orc warrior closely misses you.
The orc warrior hits you from afar with a +0 trident!
* * * LOW HITPOINT WARNING * * *
The orc warrior hits you from afar with a +0 trident.
* * * LOW HITPOINT WARNING * * *
You feel much better. You block the orc warrior's attack.
Izel hits the orc warrior.
The orc warrior hits you with a +0 halberd!
The orc warrior closely misses you.
The orc warrior hits you from afar with a +0 trident.
* * * LOW HITPOINT WARNING * * *
You hit the orc warrior.
The orc warrior is severely wounded.
The orc warrior hits you but does no damage.
Izel barely misses the orc warrior.
The orc warrior hits you with a +0 halberd!
* * * LOW HITPOINT WARNING * * *
The orc warrior hits you but does no damage.
The orc warrior closely misses you.
You hit the orc warrior but do no damage.
The orc warrior is severely wounded.
The orc warrior hits you from afar with a +0 halberd.
* * * LOW HITPOINT WARNING * * *
Izel hits the orc warrior.
The orc warrior hits you with a +0 halberd.
* * * LOW HITPOINT WARNING * * *
The orc warrior hits you from afar with a +0 trident!
You die...

####. #..♣≈≈≈≈..♣.##
.....#...≈≈≈≈.....##
...##.♣.≈≈≈≈..♣....
#..#....≈≈≈≈.......
#8.#...######......
#..#....)..........
#.o'....).)........
#.Ro...............
#.@#...............
#8.#...######......
#oo#....≈≈≈≈..♣....
....##...≈≈≈≈..♣♣...
.......#...≈≈≈≈.....##
######.$#..≈≈≈≈≈..
####..≈≈≈≈...
..≈≈≈≈≈..♣ .≈≈≈≈≈..♣♣


You could see the friendly Izel the ancestor and 4 orc warriors.

Vanquished Creatures
  A two-headed ogre (D:8)
  Sigmund (D:2)
  2 steam dragons (D:8)
  2 water moccasins
  10 orc warriors
  A hornet zombie (D:7)
  Duvessa (D:6)
  3 ice beasts
  2 necrophages
  An ogre (D:6)
  3 centaurs
  2 kobold brigands (D:7)
  5 scorpions
  2 bullfrogs (D:8)
  A gnoll sergeant (D:8)
  Dowan (D:6)
  A water moccasin skeleton (D:4)
  A killer bee (D:8)
  2 bullfrog zombies
  5 centaur zombies
  A hound (D:5)
  2 jellies
  2 centaur skeletons
  7 orc priests
  Natasha (thrice) (D:2)
  Terence (D:2)
  2 iguanas
  7 orc wizards
  A hound zombie (D:5)
  A hound skeleton (D:4)
  2 howler monkey zombies
  Robin (D:2)
  12 adders
  4 gnolls
  A shadow imp (D:6)
  3 white imps
  An ufetubus (D:6)
  2 worms (D:2)
  3 dart slugs
  30 orcs
  3 bats
  6 endoplasms
  3 giant cockroaches
  13 goblins
  8 hobgoblins
  15 kobolds
  6 quokkas
  5 ball pythons
  5 frilled lizards
  5 rats
  A spectral hobgoblin (D:1)
203 creatures vanquished.

Vanquished Creatures (collateral kills)
  2 goblins (D:9)
2 creatures vanquished.

Grand Total: 205 creatures vanquished

Notes
Turn   | Place    | Note
-------+----------+-------------------------------------------
     0 | D:1      | DocClef the Palentonga Fighter began the quest for the Orb.
     0 | D:1      | Reached XP level 1. HP: 19/19 MP: 1/1
    60 | D:1      | Found a faded altar of an unknown god.
   209 | D:1      | Reached XP level 2. HP: 25/25 MP: 2/2
   523 | D:1      | Reached XP level 3. HP: 27/31 MP: 3/3
   774 | D:2      | Noticed Robin
   848 | D:2      | Killed Robin
  1176 | D:2      | Noticed Natasha
  1187 | D:2      | Killed Natasha
  1188 | D:2      | Reached XP level 4. HP: 11/37 MP: 4/4
  1197 | D:2      | Reached skill level 3 in Maces & Flails
  1610 | D:2      | Noticed Natasha
  1817 | D:2      | Noticed Terence
  1822 | D:2      | Killed Terence
  1976 | D:2      | Noticed Sigmund
  1983 | D:2      | Killed Sigmund
  1984 | D:2      | Reached skill level 4 in Maces & Flails
  1984 | D:2      | Reached skill level 1 in Dodging
  1984 | D:2      | Reached XP level 5. HP: 39/44 MP: 5/5
  1984 | D:2      | Reached XP level 6. HP: 46/51 MP: 6/6
  2362 | D:2      | Killed Natasha
  2401 | D:2      | Noticed Natasha
  2414 | D:2      | Killed Natasha
  2710 | D:3      | Found Nuseg's Book Shoppe.
  3118 | D:3      | Found Heuvu's Jewellery Boutique.
  3159 | D:3      | Found Pimar's Book Emporium.
  3211 | D:3      | Found Zowel's Magic Scroll Shoppe.
  3284 | D:4      | Reached skill level 5 in Maces & Flails
  3376 | D:4      | Gained mutation: You curl defensively after being hit. (AC
                  | +7*) [Palentonga growth]
  3376 | D:4      | Reached XP level 7. HP: 37/57 MP: 7/7
  3579 | D:4      | Identified the +7 leather armour of the Present {Str+4}
  3604 | D:4      | Found Eluronus's General Store.
  4155 | D:5      | Entered Level 5 of the Dungeon
  4179 | D:5      | Reached skill level 6 in Maces & Flails
  4340 | D:5      | Reached skill level 5 in Fighting
  4744 | D:5      | Reached XP level 8. HP: 66/66 MP: 8/8
  4931 | D:6      | Reached skill level 7 in Maces & Flails
  5393 | D:6      | Reached skill level 8 in Maces & Flails
  5516 | D:6      | Noticed Dowan
  5517 | D:6      | Noticed Duvessa
  5532 | D:6      | Killed Duvessa
  5543 | D:6      | Killed Dowan
  5863 | D:6      | Reached skill level 9 in Maces & Flails
  6132 | D:7      | Reached XP level 9. HP: 65/73 MP: 9/9
  6331 | D:7      | Reached skill level 10 in Maces & Flails
  6879 | D:7      | Found a staircase to the Ecumenical Temple.
  6889 | D:7      | Identified the ring of Darkness {rC+ Will+ SInv}
  6988 | Temple   | Entered the Ecumenical Temple
  7215 | Temple   | Became a worshipper of Hepliaklqana the Forgotten
  7401 | D:8      | Reached skill level 11 in Maces & Flails
  7899 | D:8      | Reached XP level 10. HP: 61/84 MP: 6/10
  8306 | D:8      | Reached skill level 12 in Maces & Flails
  8640 | D:8      | Noticed a two-headed ogre
  8650 | D:8      | Killed a two-headed ogre
  8859 | D:9      | Reached * piety under Hepliaklqana
  8931 | D:9      | Found a flagged portal.
  8970 | Bailey   | Entered a bailey
  9106 | Bailey   | HP: 2/77 [orc warrior/+0 halberd (5)]
  9106 | Bailey   | Mangled by an orc warrior

Illustrated notes

Levels and vault maps discovered:
D:1:      amcnicky_arrival_abandoned_market, layout_rooms,
          dreamdust_ecumenical_altar_drowned_temple
D:2:      minmay_door_path, layout_basic, uniq_robin, uniq_terence,
          uniq_natasha, uniq_sigmund
D:3:      layout_rooms, serial_shops, shop, nicolae_shop_advertising_works
          [nicolae_subvault_shop_adworks], nicolae_square_shop, shop
D:4:      mumra_celtic_spiral_tile, layout_rooms, serial_shops,
          nicolae_square_shop
D:5:      layout_basic
D:6:      layout_cave_pods, minmay_small_thing, uniq_duvessa
D:7:      layout_rooms, minmay_temple_entry_trees, roderic_roman_lattice
D:8:      layout_loops_cross, minmay_manual_mess
D:9:      layout_roguey, erik_lair_dragon, enter_bailey_5
Temple:   mainiacjoe_temple_archimedes_tessellation
Bailey:   bailey_polearm_elven_captive_hellmonk, bailey

Skill      XL: |  1  2  3  4  5  6  7  8  9 10 |
---------------+-------------------------------+-----
Armour         | 3 |  3.9
Maces & Flails | 4 5 6 9 11 12 | 12.8
Dodging        | 1 |  1.3
Shields        | 3 |  3.1
Fighting       | 4 5 6 7 8 |  8.1
Stealth        | |  0.3

Action                   |  1- 3 |  4- 6 |  7- 9 | 10-12 || total
-------------------------+-------+-------+-------+-------++-------
Melee: Flail             |    90 |   158 |     9 |       ||   257
       Tailslap          |     5 |    12 |    58 |     8 ||    83
       Morningstar       |       |       |   430 |    94 ||   524
  Use: Potion            |       |     2 |       |     1 ||     3
       Scroll            |       |       |       |     4 ||     4
 Stab: Distracted        |       |       |       |     1 ||     1
Armor: Scale mail        |    45 |    71 |     3 |       ||   119
       Leather armour    |       |       |   182 |    45 ||   227
Dodge: Dodged            |    59 |    66 |   278 |    74 ||   477
Block: Buckler           |    22 |    18 |    86 |    16 ||   142
